 Dungeon Crawl Stone Soup version 0.30-a0-652-gcc886f7154 (webtiles) character file.

Game seed: 2621678990992402782

52996 Dittersdorf the Blocker (level 14, -10/96 HPs)
             Began as a Gargoyle Fighter on Jan 17, 2023.
             Was a High Priest of Okawaru.
             Mangled by Donald
             ... wielding a +2 double sword of draining
              (17 damage)
             ... on level 1 of the Orcish Mines.
             The game lasted 00:35:48 (24646 turns).

Dittersdorf the Blocker (Gargoyle Fighter)         Turns: 24646, Time: 00:35:49

Health: -10/96     AC: 44    Str: 24    XL:     14   Next: 66%
Magic:  7/14       EV:  9    Int: 10    God:    Okawaru [*****.]
Gold:   835        SH: 20    Dex:  9    Spells: 13/13 levels left

rFire   . . .      SeeInvis +    A - +1 morningstar (freeze)
rCold   + . .      Faith    .    r - +1 tower shield of the Stone Wall {Rampage rElec}
rNeg    + . .      Spirit   .    l - +2 chain mail
rPois   ∞          Reflect  .    K - +2 helmet
rElec   +          Harm     .    t - +1 cloak
rCorr   +          Rampage  +    B - +1 pair of gloves {hurl}
Will    +....                    q - +2 pair of boots {Fly} Stlth
                                 (no amulet)
HPRegen 0.36/turn                z - +4 ring of protection
MPRegen 0.14/turn                w - ring "Ime Xon" {rC+ rCorr SInv}

@: heroic, flying
A: sickness immunity, AC +10, big wings, negative energy resistance 1,
electricity resistance, torment resistance 1, petrification resistance
a: Renounce Religion, Heroism, Finesse, Duel


You were on level 1 of the Orcish Mines.
You worshipped Okawaru.
Okawaru was extremely pleased with you.
You visited 4 branches of the dungeon, and saw 19 of its levels.

You collected 1354 gold pieces.
You spent 519 gold pieces at shops.

Inventory:

Hand Weapons
 A - a +1 morningstar of freezing (weapon)
Missiles
 I - 5 curare-tipped darts (quivered)
Armour
 l - a +2 chain mail (worn)
 q - a +2 pair of boots of flying (worn)
 r - the +1 tower shield of the Stone Wall (worn) {Rampage rElec}
   (You acquired it on level 10 of the Dungeon)

   rElec:     It insulates you from electricity.
   Rampage:   It bestows one free step when moving towards enemies.
 t - a +1 cloak (worn)
 B - a +1 pair of gloves of hurling (worn)
 K - a +2 helmet (worn)
Jewellery
 c - a ring of positive energy
 w - the ring "Ime Xon" (right hand) {rC+ rCorr SInv}
   (You bought it in a shop on level 9 of the Dungeon)

   [ring of see invisible]

   rC:        It protects you from cold.
   SInv:      It lets you see invisible.
   rCorr:     It protects you from acid and corrosion.
 y - a ring of ice
 z - a +4 ring of protection (left hand)
Wands
 s - a wand of roots (35)
 E - a wand of light (6)
Scrolls
 a - a scroll of noise {unknown}
 b - 2 scrolls of enchant armour {unknown}
 d - 3 scrolls of fog
 f - 10 scrolls of teleportation
 m - a scroll of brand weapon
 n - 3 scrolls of poison
 o - 2 scrolls of magic mapping
 p - 3 scrolls of enchant weapon
 v - 6 scrolls of blinking
 x - 4 scrolls of fear
 D - a scroll of silence
 L - a scroll of identify
Potions
 e - a potion of resistance
 g - 3 potions of heal wounds
 h - 2 potions of berserk rage
 i - 3 potions of mutation
 j - 3 potions of invisibility
 k - 8 potions of curing
 u - a potion of cancellation
 C - 3 potions of might
 F - 3 potions of haste
 G - 2 potions of brilliance
 H - a potion of magic
 J - a potion of ambrosia


   Skills:
 + Level 14.3(19.3) Fighting
 + Level 13.0(18.0) Maces & Flails
 + Level 14.2(19.2) Armour
 + Level 14.3(19.3) Shields


You had 13 spell levels left.
You didn't know any spells.
Your spell library contained the following spells:

 Spells                   Type           Power      Damage    Failure   Level
 Apportation              Tloc           0%         N/A       96%         1
 Beastly Appendage        Tmut           0%         N/A       96%         1
 Magic Dart               Conj           0%         1d3       96%         1
 Necrotise                Necr           0%         1d4       96%         1
 Blink                    Tloc           0%         N/A       99%         2
 Lesser Beckoning         Tloc           0%         N/A       99%         2
 Momentum Strike          Conj/Tloc      0%         3d8       99%         2
 Searing Ray              Conj           0%         2d4       99%         2
 Wereblood                Tmut           0%         N/A       99%         2
 Spider Form              Tmut/Pois      0%         N/A       100%        3
 Fulminant Prism          Conj/Hex       0%         3d5       100%        4
 Petrify                  Tmut/Erth      0%         N/A       100%        4
 Irradiate                Conj/Tmut      0%         3d11      100%        5
 Summon Small Mammal      Summ           Unusable   N/A       N/A         1
 Sublimation of Blood     Necr           Unusable   N/A       N/A         2
 Call Canine Familiar     Summ           Unusable   N/A       N/A         3
 Summon Guardian Golem    Hex/Summ       Unusable   N/A       N/A         3

Dungeon Overview and Level Annotations

Branches:
Dungeon (11/15)            Temple (1/1) D:7            Lair (5/5) D:8
 Shoals (0/4) Lair:2       Spider (0/4) Lair:2        Slime (0/5) Lair:4
    Orc (2/2) D:11
    Elf: Orc:2

Altars:
Ashenzari
Cheibriados
Dithmenos
Elyvilon
Fedhas
Gozag
Hepliaklqana
Kikubaaqudgha
Makhleb
Okawaru
Qazlal
Trog
Uskayaw
Vehumet
Wu Jian
Xom
Yredelemnul
The Shining One
Jiyva
Lugonu

Shops:
D:2 (   D:6 *   D:8 (   D:9 =

Portals:
Abyss: Lair:5

Annotations:
D:8 1 runed translucent door, Newt's ghost, novice DsGl
D:9 1 transporter
Orc:1 Donald


Innate Abilities, Weirdness & Mutations

You are immune to sickness and miasma.
Your stone body is resilient. (AC +10)
You are immune to poison.
Your large and strong wings let you fly.
You resist negative energy. (rN+)
You are resistant to electric shocks. (rElec)
You are resistant to unholy torment.
You are immune to petrification.


Message History

Donald hits you but does no damage.
You barely miss Donald.
Donald is heavily wounded.
Donald hits you but does no damage. Donald blocks your attack.
Donald is heavily wounded.
Donald blocks your attack.
Donald is heavily wounded.
You feel like a meek peon again. Donald completely misses you.
Donald blocks your attack.
Donald is heavily wounded.
Donald hits you with a +2 double sword of draining.
You gain the combat prowess of a mighty hero.
You block Donald's attack.
You hit Donald but do no damage.
Donald is heavily wounded.
Your hands slow down.
You block Donald's attack.
You hit Donald but do no damage.
Donald is heavily wounded.
Donald says, "That colour you're wearing?
I hate that."
Donald hits you with a +2 double sword of draining!!!
* * * LOW HITPOINT WARNING * * *
Donald blocks your attack.
Donald is heavily wounded.
Donald hits you but does no damage.
You bludgeon Donald!! You freeze Donald.
Donald is almost dead.
Donald hits you with a +2 double sword of draining!
* * * LOW HITPOINT WARNING * * *
Donald hits you but does no damage. Donald blocks your attack.
Donald is almost dead.
You block Donald's attack.
You hit Donald. You freeze Donald.
Donald is almost dead.
Donald winces.
Donald hits you with a +2 double sword of draining!
You die...

### #...##....# ###
##.####.##....## #.##
#...##...##.### ...#
##...##..#....## #.##
#..............# #.##
###............## ...#
##.#.#....#.....^## #.###
#.)......@.#......##
#.#.###.)[)...[.@<.......#
.....#.........[.........#
#........................#
##..........#............#
##......................#
#.....................##
#....#.................#
##.........#...#..##..##
#.................#####


You could see Donald (fast, strong, reflecting).

Vanquished Creatures
  Snorg (Lair:4)
  Fannar (Lair:1)
  4 hydras
  Erolcha (D:11)
  2 two-headed ogres
  Erica (Lair:1)
  4 boulder beetles
  3 thrashing horrors (Lair:5)
  Sonja (Lair:5)
  Pikel (D:4)
  2 ugly things (Lair:5)
  An oklob plant (Lair:3)
  A manticore (D:11)
  10 elephants
  3 black mambas
  A torpor snail (Lair:4)
  12 cane toads
  4 smoke demons (Lair:5)
  Maggie (Lair:1)
  3 unseen horrors
  Psyche (D:8)
  7 komodo dragons
  An ancient zyme (Lair:5)
  2 trolls
  Prince Ribbit (D:6)
  6 hornets
  2 polar bears
  A snapping turtle (Lair:2)
  2 dream sheep (Lair:4)
  28 blink frogs
  A jumping spider (Lair:2)
  2 spriggans (Lair:5)
  2 shadows
  60 yaks
  2 culicivoras (Lair:2)
  2 wyverns
  3 basilisks
  2 wraiths
  2 ynoxinuls (Lair:5)
  The ghost of Newt the Trooper, an amateur DsGl of Ashenzari (D:5)
  A steam dragon (Lair:4)
  Eustachio (D:6)
  3 vampire mosquitoes (D:11)
  A chaos spawn (Lair:5)
  3 redbacks (Lair:2)
  An acid dragon (D:11)
  7 water moccasins
  6 orc warriors
  3 ice beasts
  2 ogres
  The ghost of astrocodex43 the Shield-Bearer, an amateur DgFi (D:3)
  13 wolves
  A large abomination (Lair:5)
  5 centaurs
  A lemure (D:4)
  9 bullfrogs
  2 gnoll sergeants
  7 scorpions
  5 wights
  An electric eel (Lair:2)
  A vampire bat (D:11)
  3 howler monkeys
  13 small abominations (Lair:5)
  A centaur zombie (D:3)
  A gnoll bouda (D:9)
  7 orc priests
  3 hounds
  A jelly (D:5)
  A bullfrog skeleton (D:3)
  An iguana (D:5)
  15 orc wizards
  13 adders
  13 gnolls
  2 shadow imps (D:6)
  A white imp (D:8)
  An ufetubus (D:6)
  2 worms
  A worm (shapeshifter) (Lair:5)
  5 dart slugs
  46 orcs
  7 ball pythons
  2 bats
  3 bat skeletons (D:11)
  2 bat zombies (D:11)
  7 endoplasms
  3 giant cockroaches (D:2)
  10 goblins
  9 hobgoblins
  2 jackals (D:1)
  4 quokkas
  9 kobolds
  4 rats
  A toadstool (D:1)
452 creatures vanquished.

Vanquished Creatures (others)
  A howler monkey (D:11)
  2 orc wizards
  39 fungi
  45 plants
  3 toadstools (D:1)
90 creatures vanquished.

Grand Total: 542 creatures vanquished

Notes
Turn   | Place    | Note
-------+----------+-------------------------------------------
     0 | D:1      | Dittersdorf the Gargoyle Fighter began the quest for the
                  | Orb.
     0 | D:1      | Reached XP level 1. HP: 14/14 MP: 1/1
   154 | D:1      | Reached XP level 2. HP: 18/19 MP: 2/2
   493 | D:1      | Reached XP level 3. HP: 23/23 MP: 3/3
   893 | D:2      | Found Sef Veso's Weapon Shoppe.
   996 | D:2      | Identified the +7 spear of the Sea {heavy, rN+ Str+3}
  1159 | D:2      | Reached XP level 4. HP: 27/29 MP: 4/4
  1425 | D:3      | Found a blossoming altar of Fedhas.
  1545 | D:3      | Found Kyxips's Antique Weapon Boutique.
  1581 | D:3      | Found a transporter.
  1926 | D:3      | Found a transporter.
  1929 | D:3      | Noticed astrocodex43's ghost (amateur DgFi)
  2247 | D:4      | Noticed an ice beast
  2260 | D:4      | Reached XP level 5. HP: 33/33 MP: 5/5
  2283 | D:4      | Killed an ice beast
  2431 | D:4      | Noticed an orc warrior
  2538 | D:3      | Reached XP level 6. HP: 15/39 MP: 6/6
  2710 | D:3      | Killed an orc warrior
  2995 | D:4      | Reached skill level 5 in Shields
  2999 | D:4      | Reached skill level 5 in Fighting
  2999 | D:4      | Reached skill level 5 in Armour
  3110 | D:4      | Reached XP level 7. HP: 41/44 MP: 7/7
  3502 | D:5      | Entered Level 5 of the Dungeon
  3502 | D:5      | Noticed Pikel
  3580 | D:4      | Killed Pikel
  3581 | D:4      | Reached XP level 8. HP: 4/51 MP: 8/8
  3925 | D:5      | Reached skill level 5 in Maces & Flails
  4380 | D:5      | Found a runed translucent gate.
  4380 | D:5      | Found a runed translucent gate.
  4380 | D:5      | Found a runed translucent gate.
  4391 | D:5      | Identified the +7 spear "Zayfomu" {flame, rN+ Will+ Str-5
                  | Dex+4}
  4392 | D:5      | Noticed Newt's ghost (amateur DsGl)
  5065 | D:6      | Found Yralyce's Assorted Antiques.
  5241 | D:6      | Reached XP level 9. HP: 54/56 MP: 9/9
  5549 | D:6      | Found a radiant altar of Vehumet.
  5590 | D:6      | Found a hide-covered altar of Uskayaw.
  5594 | D:6      | Noticed Eustachio
  5616 | D:6      | Killed Eustachio
  5736 | D:6      | Found a bloodstained altar of Trog.
  6089 | D:7      | Noticed Prince Ribbit
  6160 | D:6      | Killed Prince Ribbit
  6295 | D:7      | Found a staircase to the Ecumenical Temple.
  6304 | Temple   | Entered the Ecumenical Temple
  6341 | Temple   | Became a worshipper of Warmaster Okawaru
  6921 | Temple   | HP: 2/59 [yak (6)]
  6937 | Temple   | Reached XP level 10. HP: 4/64 MP: 10/10
  7188 | Temple   | Reached * piety under Okawaru
  7475 | D:7      | Found a burning altar of Makhleb.
  7523 | D:7      | Found a shadowy altar of Dithmenos.
  7743 | D:8      | Found Suzuy's Antique Weapon Shop.
  8201 | D:8      | Noticed Psyche
  8386 | D:8      | Killed Psyche
  8595 | D:8      | Reached ** piety under Okawaru
  8916 | D:8      | Found a staircase to the Lair.
  9259 | D:8      | Found a runed translucent door.
  9262 | D:8      | Noticed Newt's ghost (novice DsGl)
  9264 | D:8      | Identified the +7 spear "Wihifrie" {flame, rCorr}
  9565 | D:3      | Killed astrocodex43's ghost
  9714 | D:5      | Killed Newt's ghost
 10027 | D:9      | Found a broken altar of Ashenzari.
 10044 | D:9      | Found Weyzxiak's Jewellery Boutique.
 10053 | D:9      | Bought the ring "Ime Xon" {rC+ rCorr SInv} for 519 gold
                  | pieces
 10081 | D:9      | Found a transporter.
 10393 | D:9      | Reached XP level 11. HP: 70/71 MP: 11/11
 10425 | D:9      | Found a hazy altar of Hepliaklqana.
 10449 | D:9      | Found a white marble altar of Elyvilon.
 10449 | D:9      | Found a basalt altar of Yredelemnul.
 10453 | D:9      | Found an ornate altar of the Wu Jian Council.
 10614 | D:9      | Reached *** piety under Okawaru
 10803 | D:10     | Entered Level 10 of the Dungeon
 10921 | D:10     | Noticed a two-headed ogre
 10931 | D:10     | Killed a two-headed ogre
 10932 | D:10     | Reached skill level 10 in Fighting
 10932 | D:10     | Reached skill level 10 in Armour
 10932 | D:10     | Reached skill level 10 in Shields
 11147 | D:10     | Identified a scroll of acquirement
 11149 | D:10     | Acquired the +1 tower shield of the Stone Wall {Rampage
                  | rElec}
 11508 | D:10     | Found a glowing golden altar of the Shining One.
 11547 | D:10     | Reached **** piety under Okawaru
 11828 | Lair:1   | Entered Level 1 of the Lair of Beasts
 11833 | Lair:1   | Noticed Fannar
 12121 | Lair:1   | Killed Fannar
 12385 | Lair:1   | Noticed a boulder beetle
 12412 | Lair:1   | Killed a boulder beetle
 12593 | Lair:1   | Noticed Maggie
 12604 | Lair:1   | Killed Maggie
 12801 | Lair:1   | Reached ***** piety under Okawaru
 12802 | Lair:1   | Reached XP level 12. HP: 48/80 MP: 12/12
 12901 | Lair:1   | Identified the +0 robe of Ucearem {Int+7}
 13057 | Lair:1   | HP: 1/80 [blink frog (6)]
 13206 | Lair:1   | Reached skill level 10 in Maces & Flails
 13534 | Lair:1   | Noticed Erica
 13557 | Lair:1   | Killed Erica
 14075 | Lair:2   | Found a hole to the Spider Nest.
 14750 | Lair:2   | Found a staircase to the Shoals.
 15983 | Lair:3   | Noticed an eight-headed hydra
 15993 | Lair:3   | Killed an eight-headed hydra
 16225 | Lair:2   | Received a gift from Okawaru
 16596 | Lair:3   | Reached XP level 13. HP: 65/86 MP: 13/13
 18928 | Lair:4   | Identified the +1 leather armour of Viompi Tuy {rF- rC+
                  | Regen+}
 18941 | Lair:4   | Found a staircase to the Slime Pits.
 18941 | Lair:4   | Found a viscous altar of Jiyva.
 19326 | Lair:5   | Entered Level 5 of the Lair of Beasts
 19397 | Lair:5   | Noticed Snorg
 19438 | Lair:4   | Killed Snorg
 19438 | Lair:4   | Received a gift from Okawaru
 19894 | Lair:5   | Noticed Sonja
 19947 | Lair:5   | Killed Sonja
 20096 | Lair:5   | Gained mutation: Your large and strong wings let you fly.
                  | [Gargoyle growth]
 20096 | Lair:5   | Reached XP level 14. HP: 94/94 MP: 14/14
 23042 | Lair:5   | Found a corrupted altar of Lugonu.
 23042 | Lair:5   | Found a one-way gate to the infinite horrors of the Abyss.
 23353 | D:11     | Noticed Erolcha
 23368 | D:11     | Killed Erolcha
 23518 | D:11     | Found an ancient bone altar of Kikubaaqudgha.
 24350 | D:11     | Found a staircase to the Orcish Mines.
 24359 | Orc:1    | Entered Level 1 of the Orcish Mines
 24614 | Orc:2    | Entered Level 2 of the Orcish Mines
 24614 | Orc:2    | Noticed Donald
 24646 | Orc:1    | Mangled by Donald

Illustrated notes

Levels and vault maps discovered:
D:1:      dpeg_arrival_simpleton_a, layout_rooms, nrook_mini_vaults,
          minmay_gold_behind_fungi, chequers_serial_rivers_micro_a
D:2:      layout_basic, serial_shops, shop_statue
D:3:      layout_loops_ring, mainiacjoe_overflow_catwalk, serial_shops,
          nicolae_shop_behind_doors, gammafunk_ghost_mausoleum,
          kennysheep_generic_room_13
D:4:      layout_rooms, guppyfry_early_orc_mine
D:5:      layout_rooms, biasface_ghost_orc_armoury,
          kennysheep_decorative_pillar, uniq_pikel
D:6:      layout_basic, bloody_trog, mainiacjoe_overflow_catch_the_wave,
          serial_shops, nicolae_shop_crystal, nrook_uturn, uniq_eustachio
D:7:      layout_rooms, mainiacjoe_overflow_six_doors_small,
          makhleb_heckhound_becter, minmay_temple_entry_ruins,
          uniq_prince_ribbit1
D:8:      layout_basic, grunt_lair_entry_orc_guard_hut, serial_shops, shop,
          ebering_ghost_funeral_grove, uniq_psyche
D:9:      layout_basic, mainiacjoe_overflow_24_doors,
          grunt_temple_overflow_open, serial_shops, nicolae_lakefront_shop,
          nicolae_diode_stairs
D:10:     layout_roguey, mainiacjoe_overflow_concentric_impassable,
          serial_corexii_hall, chequers_hall_statues_wall_a,
          corexii_hall_statues_i, chequers_hall_statues_y,
          corexii_hall_statues_t, corexii_hall_statues_u, corexii_hall_statues_s
D:11:     layout_loops_ring, orc_0_dummy, kennysheep_vampire_church,
          uniq_erolcha
Temple:   jpeg_temple_alley_garden
Lair:1:   layout_roguey, uniq_erica, uniq_maggie, uniq_fannar
Lair:2:   layout_concentric_octagons, minmay_shoals_entry_hut,
          nicolae_spider_entry_tight_spaces
Lair:3:   layout_loops_ring, lemuel_fruit_fields
Lair:4:   layout_roguey, slime_entry_1, dreamdust_wasp_nest
Lair:5:   hellmonk_lair_end_abyssal_woods, layout_layer_cave, uniq_sonja,
          uniq_snorg
Orc:1:    layout_caves, basic_altar
Orc:2:    pf_orc_diabolical, layout_diamond_mine, uniq_saint_roka, uniq_donald

Skill      XL: |  1  2  3  4  5  6  7  8  9 10 11 12 13 14 |
---------------+-------------------------------------------+-----
Fighting       | 4 5 6 8 9 11 12 13 14 | 14.3
Shields        | 4 5 6 8 9 11 12 13 14 | 14.3
Armour         | 4 5 6 8 9 10 12 13 14 | 14.2
Maces & Flails | 3 4 5 7 8 9 11 12 13 | 13.0

Action                   |  1- 3 |  4- 6 |  7- 9 | 10-12 | 13-15 || total
-------------------------+-------+-------+-------+-------+-------++-------
Melee: Flail             |   107 |   239 |   452 |       |       ||   798
       Morningstar       |       |       |    31 |  1104 |  1037 ||  2172
       Unarmed           |       |       |       |    18 |       ||    18
Throw: Javelin           |       |       |     4 |     3 |       ||     7
Invok: Heroism           |       |       |       |    10 |     6 ||    16
       Finesse           |       |       |       |       |     2 ||     2
  Use: Scroll            |       |     4 |     5 |    10 |    11 ||    30
       Potion            |       |       |     6 |     6 |       ||    12
 Stab: Invisible         |       |       |     1 |       |       ||     1
       Distracted        |       |       |       |       |     1 ||     1
Armor: Scale mail        |    51 |    63 |       |       |       ||   114
       Chain mail        |       |    88 |   203 |   625 |   713 ||  1629
       Plate armour      |       |       |   195 |   256 |       ||   451
       Skin              |       |       |       |     1 |       ||     1
Dodge: Dodged            |    37 |    94 |   155 |   343 |   233 ||   862
Block: Buckler           |    23 |    51 |   141 |   132 |       ||   347
       Tower shield      |       |       |       |   753 |  1042 ||  1795

Table legend: (Time is in decaauts)
 A = Elapsed time spent in this place.
 B = Non-inter-level travel time spent in this place.
 C = Inter-level travel time spent in this place.
 D = Time resting spent in this place.
 E = Time spent auto-exploring this place.
 F = Levels seen in this place.
 G = Mean time per level.
                   A        B        C        D        E       F      G
               +--------+--------+--------+--------+--------+-----+--------+
         Total |  25235 |  24146 |   1089 |   6576 |  11890 |  19 | 1328.2 |
       Dungeon |  12813 |  12055 |    758 |   2259 |   6970 |  11 | 1164.8 |
        Temple |    706 |    682 |     24 |    501 |     31 |   1 |  706.0 |
          Lair |  11482 |  11187 |    295 |   3816 |   4727 |   5 | 2296.4 |
  Orcish Mines |    233 |    222 |     11 |      0 |    162 |   2 |  116.5 |
               +--------+--------+--------+--------+--------+-----+--------+

Top non-repeatable levels by time:
  Lair:5: 3514 daAuts
  Lair:2: 2182 daAuts
  Lair:4: 2022 daAuts
  Lair:1: 1934 daAuts
     D:8: 1918 daAuts
  Lair:3: 1829 daAuts
     D:4: 1412 daAuts
     D:6: 1343 daAuts
     D:3: 1326 daAuts
     D:5: 1251 daAuts
    D:11: 1156 daAuts
     D:7: 1050 daAuts
    D:10: 961 daAuts
     D:9: 899 daAuts
     D:1: 748 daAuts
